 Dungeon Crawl Stone Soup version 0.21.1-1-g345015f (webtiles) character file.

419 kae the Poker (level 6, -1/48 HPs)
             Began as a Merfolk Gladiator on June 9, 2018.
             Slain by an orc wizard
             ... wielding a +0 dagger
              (4 damage)
             ... on level 4 of the Dungeon.
             The game lasted 00:02:43 (3506 turns).

kae the Poker (Merfolk Gladiator)                   Turns: 3506, Time: 00:02:43

Health: -1/48      AC:  4    Str: 17    XL:     6   Next: 93%
Magic:  6/6        EV: 15    Int:  7    God:
Gold:   136        SH:  0    Dex: 15    Spells: 5/5 levels left

rFire    . . .     SeeInvis .   a - +0 trident
rCold    . . .     Gourm    .   (no shield)
rNeg     . . .     Faith    .   b - +1 leather armour
rPois    .         Spirit   .   (helmet restricted)
rElec    .         Reflect  .   (no cloak)
rCorr    .         Harm     .   (no gloves)
MR       .....     Clarity  +   (no boots)
Stlth    +.........             (no amulet)
HPRegen  0.16/turn              (no ring)
MPRegen  0.10/turn              (no ring)

@: flying
A: change form in water, swift swim, stealthy swim, antennae 1, clarity
a: no special abilities


You were on level 4 of the Dungeon.
You were not hungry.

You visited 1 branch of the dungeon, and saw 4 of its levels.

You collected 136 gold pieces.

Inventory:

Hand Weapons
 a - a +0 trident (weapon)
Missiles
 d - 3 throwing nets (quivered)
Armour
 b - a +1 leather armour (worn)
 c - a +0 helmet
Jewellery
 e - an uncursed ring of protection from fire
Wands
 g - a wand of random effects (42)
 n - a wand of disintegration (12)
Scrolls
 h - 2 scrolls of teleportation
 i - a scroll of enchant armour
 k - a scroll of amnesia
 l - 2 scrolls of random uselessness
 m - 3 scrolls of remove curse
Comestibles
 f - 8 rations


   Skills:
 + Level 4.0 Fighting
 * Level 7.6 Polearms
 + Level 3.5 Throwing
 + Level 5.7 Dodging


You had 5 spell levels left.
You didn't know any spells.

Dungeon Overview and Level Annotations

Branches:
Dungeon (4/15)
 Temple: D:4-7

Altars:
Cheibriados
Fedhas
Wu Jian


Innate Abilities, Weirdness & Mutations

You revert to your normal form in water.
You are very nimble and swift while swimming.
You are very stealthy in the water. (Stealth+)
You have a pair of small antennae on your head.
You possess an exceptional clarity of mind.


Message History

The puff of frost hits you! The orc barely misses you.
You hit something but do no damage. You closely miss something.
The orc hits you from afar with a trident.
* * * LOW HITPOINT WARNING * * *
You hear some strange, mumbled words.
You closely miss something. Something hits you.
* * * LOW HITPOINT WARNING * * *
The orc hits you but does no damage.
It was a potion of flight.
You feel very buoyant.
You fly up into the air.
Something hits you.
* * * LOW HITPOINT WARNING * * *
Something hits you.
* * * LOW HITPOINT WARNING * * *
As you read the scroll labeled TUADGH ZUTA, it crumbles to dust.
It is a scroll of identify.
e - an uncursed ring of protection from fire Something hits you.
You die...

#### #..(##
#######.....##
....#.......#
#..?......#
####o...o.....
#..ooo#.....##
#
#.##{##..o..#
#.##.##@#
###### ##....
#.......#
##.>...
####.####
###....!. #.#
#........
#.###
.........
#...# ........
###.# #......
#.# #..... #.#
##....


You could see an orc wizard and 3 orcs.

Vanquished Creatures
  An ogre (D:4)
  The ghost of kae the Insei, an amateur DsTm (D:3)
  A hound (D:4)
  3 worker ants
  4 adders (D:2)
  A shadow imp (D:4)
  2 oozes
  2 worms
  2 dart slugs
  4 leopard geckos
  5 orcs
  2 ball pythons
  3 giant cockroaches
  17 goblins
  10 hobgoblins
  6 jackals
  A quokka (D:3)
  5 bats
  A frilled lizard (D:3)
  A jackal skeleton (D:4)
  6 kobolds
  7 rats
85 creatures vanquished.

Notes
Turn   | Place    | Note
-------+----------+-------------------------------------------
     0 | D:1      | kae the Merfolk Gladiator began the quest for the Orb.
     0 | D:1      | Reached XP level 1. HP: 16/16 MP: 1/1
     3 | D:1      | Noticed an electric eel
     3 | D:1      | Noticed an electric eel
   250 | D:1      | Reached XP level 2. HP: 23/23 MP: 2/2
   564 | D:1      | Reached skill level 5 in Polearms
   842 | D:1      | Reached XP level 3. HP: 28/28 MP: 3/3
  1168 | D:2      | Found an ornate altar of the Wu Jian Council.
  1262 | D:2      | Reached XP level 4. HP: 31/34 MP: 4/4
  2048 | D:3      | Found a snail-covered altar of Cheibriados.
  2060 | D:3      | Reached skill level 6 in Polearms
  2301 | D:3      | Reached XP level 5. HP: 30/41 MP: 5/5
  2531 | D:3      | Noticed kae's ghost (amateur DsTm)
  2554 | D:3      | Killed kae's ghost
  2554 | D:3      | Reached skill level 5 in Dodging
  2830 | D:4      | Found a blossoming altar of Fedhas.
  2879 | D:4      | Gained mutation: Your magical capacity is low. (-10% MP) [potion of mutation]
  2879 | D:4      | Gained mutation: You possess an exceptional clarity of mind. [potion of mutation]
  2879 | D:4      | Lost mutation: Your magical capacity is low. (-10% MP) [potion of mutation]
  2879 | D:4      | Gained mutation: You have a pair of small antennae on your head. [potion of mutation]
  2883 | D:4      | Reached skill level 7 in Polearms
  2883 | D:4      | Reached XP level 6. HP: 38/47 MP: 4/6
  3505 | D:4      | HP: 2/48 [something (5)]
  3506 | D:4      | Slain by an orc wizard

Skill      XL: |  1  2  3  4  5  6 |
---------------+-------------------+-----
Polearms       | 5 6 7 |  7.6
Fighting       | 3 4 |  4.0
Throwing       | 3 |  3.5
Dodging        | 5 |  5.7

Action                   |  1- 3 |  4- 6 || total
-------------------------+-------+-------++-------
Melee: Trident           |    96 |   213 ||   309
  Use: Scroll            |     1 |     5 ||     6
       Potion            |       |     4 ||     4
 Stab: Sleeping          |     3 |     1 ||     4
  Eat: Chunk             |     1 |     4 ||     5
       Ration            |       |     1 ||     1
Armor: Leather armour    |    10 |    31 ||    41
Dodge: Dodged            |    54 |   117 ||   171
